 Dungeon Crawl Stone Soup version 0.23.0 (webtiles) character file.

Game seed: 17695701457960098043

15 sighowe the Scratcher (level 2, -1/12 HPs)
             Began as a Felid Transmuter on Feb 14, 2019.
             Splashed by a jelly's acid (4 damage)
             ... on level 2 of the Dungeon.
             The game lasted 00:03:45 (1183 turns).

sighowe the Scratcher (Felid Transmuter)            Turns: 1183, Time: 00:03:46

Health: -1/12      AC: -3    Str:  6    XL:     2   Next: 34%
Magic:  5/6        EV: 18    Int: 14    God:
Gold:   27         SH:  0    Dex: 16    Spells: 4/5 levels left
                                        Lives:  0   Deaths: 0

rFire    . . .     SeeInvis +     - Unarmed
rCold    . . .     Gourm    .   (shield unavailable)
rNeg     . . .     Faith    .   (armour unavailable)
rPois    .         Spirit   .   (helmet unavailable)
rElec    .         Reflect  .   (cloak unavailable)
rCorr    .         Harm     .   (gloves unavailable)
MR       .....                  (boots unavailable)
Stlth    ++........             (no amulet)
HPRegen  0.04/turn              (no ring)
MPRegen  0.10/turn              (no ring)

@: appendage, corroded, quick
A: very small, no armour, no weapons or thrown items, stealth, claws 1, fangs 3,
horns 2, see invisible, carnivore, speed 1, shaggy fur 1, slow metabolism 1,
sharp paws
a: End Transformation


You were on level 2 of the Dungeon.
You were not hungry.
You had grown temporary horns.
You visited 1 branch of the dungeon, and saw 2 of its levels.

You collected 27 gold pieces.

Inventory:

Missiles
 a - 28 arrows
Wands
 i - a wand of enslavement (14)
Scrolls
 d - 3 scrolls of identify {unknown}
 e - a scroll of fog {unknown}
 g - a scroll of teleportation {unknown}
 j - a scroll of enchant weapon {unknown}
Potions
 b - 2 potions of lignification {unknown}
 f - a potion of haste {unknown}
 h - a potion of magic {unknown}
Comestibles
 c - a ration


   Skills:
 + Level 1.0 Fighting
 + Level 2.9 Dodging
 + Level 1.2 Stealth
 + Level 3.3 Unarmed Combat
 + Level 2.0 Spellcasting
 + Level 2.4 Transmutations


You had 4 spell levels left.
You knew the following spells:

 Your Spells              Type           Power        Failure   Level  Hunger
a - Beastly Appendage     Tmut           #.....       9%          1    ##.....

Your spell library contained the following spells:

 Spells                   Type           Power        Failure   Level  Hunger
 Sticks to Snakes         Tmut           #.......     13%         2    ###....
 Spider Form              Tmut/Pois      #.........   41%         3    ####...
 Ice Form                 Ice/Tmut       #.......     82%         4    #####..
 Blade Hands              Tmut           #.........   94%         5    ######.


Dungeon Overview and Level Annotations

Branches:
Dungeon (2/15)

Altars:


Innate Abilities, Weirdness & Mutations

You cannot wear armour.
You are incapable of wielding weapons or throwing items.
Your paws allow you to move quietly. (Stealth)
You have sharp claws.
You have razor-sharp teeth.
You have supernaturally acute eyesight. (SInv)
You are carnivorous and can eat meat at any time.
You cover ground quickly.
You are covered in fur. (AC +1)
You have a slow metabolism.
Your sharp claws are effective at attacking unaware monsters.
You have a pair of horns on your head.


Message History

You kill the frilled lizard!
Your transformation is almost over.
You see here a frilled lizard corpse.
You see here a +0 club.
A jelly comes into view.
Found a scroll labeled WAUMUQ FEJOA.
Found 14 gold pieces.
Your horns disappear.
The helpless jelly fails to defend itself.
You claw the jelly! The acid corrodes you!
Your paws burn!
You bite the jelly, but do no damage.
The jelly is severely wounded.
The jelly hits you.
You are splashed with acid.
Ouch! That really hurt!
* * * LOW HITPOINT WARNING * * *
Casting: Beastly Appendage (safe; 9% risk of failure)
Confirm with . or Enter, or press ? or * to list all spells.
You grow a pair of large bovine horns.
You scratch the jelly.
Your paws burn!
You die...

..........'.......)........
.......†..#......##........
........).#......###.##...#
..........#########...<...#
................# #....>.##
................# #......##
.#######........###......##
#.....................#
#.###..@.#######......#
#.###..J.# ........<.#
#........# #####......##
.........# #............
.....?...# #.####.#####.
########.# #.# #. .# #.# #.
.# #.# #. $# #.# #.


You could see a jelly.

Vanquished Creatures
  3 goblins
  3 hobgoblins
  2 jackals (D:1)
  A bat (D:1)
  3 frilled lizards
  2 kobolds
14 creatures vanquished.

Notes
Turn   | Place    | Note
-------+----------+-------------------------------------------
     0 | D:1      | sighowe the Felid Transmuter began the quest for the Orb.
     0 | D:1      | Reached XP level 1. HP: 9/9 MP: 4/4
   627 | D:1      | Reached XP level 2. HP: 9/12 MP: 4/6
   971 | D:2      | Reached skill level 1 in Stealth
  1183 | D:2      | Splashed by a jelly's acid

Skill      XL: |  1  2 |
---------------+-------+-----
Stealth        | 1 |  1.2
Fighting       | |  1.0
Dodging        | |  2.9
Unarmed Combat | |  3.3
Spellcasting   | |  2.0
Transmutations | |  2.4

Action                   || total
-------------------------++-------
Melee: Unarmed           ||    36
       Headbutt          ||     7
       Bite              ||     4
 Cast: Beastly Appendage ||    10
 Stab: Sleeping          ||     2
Dodge: Dodged            ||    27
